 Dungeon Crawl Stone Soup version 0.26.1-2-gb8aa6d0cf2 (webtiles) character file.

Game seed: 16719529954569563448

17553 Mattiprrivan the Slicer (level 12, 0/91 HPs)
             Began as a Merfolk Artificer on Mar 19, 2021.
             Was a High Priest of Okawaru.
             Slain by a rakshasa (illusionary)
             ... wielding a +0 trident
              (13 damage)
             ... on level 3 of the Abyss on Mar 20, 2021.
             The game lasted 02:53:36 (11146 turns).

Mattiprrivan the Slicer (Merfolk Artificer)        Turns: 11146, Time: 02:53:37

Health: 0/91       AC:  0    Str: 15      XL:     12   Next: 49%
Magic:  13/16      EV: 23    Int: 11 (12) God:    Okawaru [*****.]
Gold:   730        SH:  0    Dex: 15      Spells: 11/11 levels left

rFire    . . .     SeeInvis .   (weapon currently unavailable)
rCold    . . .     Faith    .   (shield currently unavailable)
rNeg     . . .     Spirit   .   (armour currently unavailable)
rPois    .         Reflect  .   (helmet currently unavailable)
rElec    .         Harm     .   (cloak currently unavailable)
rCorr    .         Rampage  .   (gloves currently unavailable)
Will     .....                  (boots currently unavailable)
Stlth    +++.......             b - amulet of regeneration
HPRegen  0.65/turn              (ring currently unavailable)
MPRegen  0.15/turn              (ring currently unavailable)

@: pig-form, silence (expiring), very quick
A: small, (change form in water), (swift swim), (stealthy swim), repulsion field
1, rugged brown scales 1, [subdued magic 2], MP-powered wands
a: Renounce Religion


You were on level 3 of the Abyss.
You worshipped Okawaru.
Okawaru was extremely pleased with you.
You were a filthy swine.
You visited 2 branches of the dungeon, and saw 11 of its levels.
You visited the Abyss 1 time.

You collected 730 gold pieces.

Inventory:

Hand Weapons
 l - the +6 rapier of the Howling Whale (melded) {venom, *Noise rElec Will+}
   (You found it on level 2 of the Lair of Beasts)

   It poisons the flesh of those it strikes.
   It insulates you from electricity.
   It affects your willpower, your defense against some magical effects.
   It may make noises in combat.
 t - a +3 halberd
 z - a +6 falchion
 D - a +2 great sword
 G - a +2 trident of venom
Missiles
 f - 6 javelins
 h - 19 poisoned darts
 n - 13 boomerangs
 A - 6 atropa-tipped darts
 B - 11 boomerangs of dispersal
Armour
 a - a +1 troll leather armour (melded)
 c - a +0 pair of gloves of dexterity (melded)
 d - a +2 cloak of stealth (melded)
 e - a scarf of resistance
 I - a +2 pair of boots of rampaging (melded)
Jewellery
 b - an amulet of regeneration (around neck)
 o - a ring of see invisible (melded)
 H - a +4 ring of protection (melded)
Wands
 s - a wand of digging (3)
 v - a wand of paralysis (6)
 w - a wand of polymorph (36)
 y - a wand of iceblast (9)
Scrolls
 i - a scroll of blinking
 j - 3 scrolls of fear
 m - 10 scrolls of remove curse
 p - 3 scrolls of teleportation
 q - 5 scrolls of fog
 r - a scroll of identify
Potions
 F - a potion of flight


   Skills:
 * Level 6.5 Fighting
 * Level 9.0(10.3) Short Blades
 * Level 7.3(9.0) Long Blades
 * Level 6.7 Polearms
 * Level 7.8 Throwing
 * Level 4.6 Armour
 * Level 8.6 Dodging
 * Level 7.4 Stealth
 * Level 6.2 Invocations
 * Level 7.0 Evocations


You had 11 spell levels left.
You didn't know any spells.
Your spell library contained the following spells:

 Spells                   Type           Power        Failure   Level
 Corona                   Hex            0%           26%         1
 Slow                     Hex            0%           38%         2
 Inner Flame              Hex/Fire       0%           63%         3
 Portal Projectile        Hex/Tloc       0%           63%         3
 Cause Fear               Hex            0%           96%         4
 Leda's Liquefaction      Hex/Erth       0%           96%         4


Dungeon Overview and Level Annotations

Branches:
Dungeon (9/15)             Temple (0/1) D:6            Lair (2/6) D:9
 Spider (0/4) Lair:2          Orc (0/2) D:9
  Swamp: Lair:2-4    Shoals: Lair:2-4

Altars:
Ashenzari
Gozag
Kikubaaqudgha
Makhleb
Okawaru
Qazlal
Sif Muna
Trog
Vehumet
Xom
Zin

Shops:
D:6 :

Portals:
Abyss: D:4

Annotations:
Lair:2 Sonja


Innate Abilities, Weirdness & Mutations

((You revert to your normal form in water.))
((You are very nimble and swift while swimming.))
((You are very stealthy in the water. (Stealth+)))
((You have a pair of small antennae on your head.))
You are surrounded by a mild repulsion field. (EV +2)
(You are partially covered in rugged brown scales. (AC +1, +3% HP))
You expend magic power (3 MP) to strengthen your wands.
[Your spells are easier to cast, but less powerful.]


Message History

The +6 rapier of the Howling Whale {venom, *Noise rElec Will+} stops dripping with poison.
You feel less stealthy.
You feel clumsy.
You no longer feel able to rampage towards enemies.
A tormentor comes into view.
The rakshasa closely misses you. The rakshasa barely misses you.
The bone dragon bites you. The bone dragon claws you.
The bone dragon tramples you.
You hold your ground!
Bite: -) Teeth
Press: ? - help, Dir - move target, f - bone dragon
Aim: a bone dragon (moderately damaged)
You barely miss the bone dragon.
The bone dragon is moderately damaged.
The rakshasa weaves an illusion.
The bone dragon bites you!! The bone dragon barely misses you.
The bone dragon tramples you!!
* * * LOW HITPOINT WARNING * * *
You hold your ground!
The rakshasa hits you from afar with a +0 trident!
You die...

# ##..## .
.....# #
#####.#.
#....# #..#
#.#.. ....#
..# ##.
...#...# ##
#.###......
# ##
#....#.
...# {{ .
#...#### ##
#R###
..#DDh# ##
#R### .2.
#.#.# #...
. . #.#
#ยง#.# ....
.....
#.#Z..#


You could see 2 bone dragons, 2 rakshasas and a tormentor (wandering).

Vanquished Creatures
  A lich (Abyss:3)
  An ophan (Abyss:3)
  2 two-headed ogres
  A wretched star (Abyss:3)
  A harpy (Lair:2)
  Pikel (D:9)
  A toenail golem (D:4)
  A worldbinder (Abyss:3)
  A centaur skeleton (D:9)
  A cane toad (Lair:2)
  3 komodo dragons
  2 polar bears
  A troll (D:9)
  A hornet (D:8)
  4 blink frogs (Lair:1)
  Prince Ribbit (D:9)
  A large abomination (Abyss:2)
  A shadow (D:9)
  12 yaks
  A neqoxec (Abyss:3)
  A basilisk (Lair:2)
  A steam dragon (D:7)
  A water moccasin (Lair:2)
  An ice beast (D:7)
  3 orc warriors
  3 black bears
  6 killer bees
  6 ogres
  2 phantoms (D:9)
  2 centaurs
  A lemure (D:9)
  10 bullfrogs
  A gnoll sergeant (D:9)
  4 scorpions
  A water moccasin skeleton (D:6)
  3 small abominations
  2 troll zombies (D:9)
  9 wights
  2 electric eels (Lair:1)
  2 howler monkeys
  A crimson imp (D:3)
  6 hounds
  2 jellies (D:9)
  A quasit (Abyss:3)
  A centaur zombie (D:8)
  An iron imp (D:4)
  7 orc priests
  A bullfrog skeleton (D:8)
  9 orc wizards
  Jessica (D:2)
  4 iguanas
  10 worker ants
  6 ogre zombies (D:9)
  A hound zombie (D:7)
  A hound skeleton (D:5)
  2 worker ant zombies
  Robin (D:2)
  6 gnolls
  3 adders
  2 shadow imps
  2 white imps
  An ooze (D:1)
  An adder skeleton (D:4)
  2 worms
  2 dart slugs (D:1)
  4 leopard geckos
  33 orcs
  3 ball pythons
  13 bats
  2 giant cockroaches
  10 hobgoblins
  11 jackals
  3 frilled lizards
  9 goblins
  2 goblin skeletons (D:9)
  A goblin zombie (D:9)
  A hobgoblin skeleton (D:9)
  4 hobgoblin zombies (D:9)
  7 kobolds
  An orc skeleton (D:9)
  16 orc zombies (D:9)
  2 rats (D:2)
295 creatures vanquished.

Vanquished Creatures (collateral kills)
  A big kobold (D:4)
  A hound skeleton (D:5)
  A gnoll (D:6)
  An orc (D:5)
  A ball python (D:5)
5 creatures vanquished.

Vanquished Creatures (others)
  A thrashing horror (Abyss:3)
  A worldbinder (Abyss:3)
  2 large abominations (Abyss:3)
  The ghost of Dwachs the Slasher, an amateur DsGl (D:4)
  A human (D:8)
  A small abomination (Abyss:3)
  3 killer bees (D:7)
  An orc priest (D:4)
  3 orc wizards
  A gnoll (D:6)
  An ufetubus (D:5)
  2 fungi (Lair:2)
  2 plants (D:9)
20 creatures vanquished.

Grand Total: 320 creatures vanquished

Notes
Turn   | Place    | Note
-------+----------+-------------------------------------------
     0 | D:1      | Mattiprrivan the Merfolk Artificer began the quest for the
                  | Orb.
     0 | D:1      | Reached XP level 1. HP: 15/15 MP: 1/1
    92 | D:1      | Reached XP level 2. HP: 21/21 MP: 2/2
   265 | D:1      | Gained mutation: Your body sometimes deteriorates upon
                  | taking damage. [potion of mutation]
   265 | D:1      | Gained mutation: You are robust. (+10% HP) [potion of
                  | mutation]
   380 | D:1      | Reached XP level 3. HP: 28/28 MP: 3/3
   624 | D:2      | Reached skill level 1 in Short Blades
   624 | D:2      | Reached skill level 1 in Armour
   798 | D:2      | Reached XP level 4. HP: 35/35 MP: 4/4
   861 | D:2      | Noticed Jessica
   866 | D:2      | Killed Jessica
   908 | D:2      | Found a shimmering altar of Xom.
   913 | D:2      | Found a shimmering blue altar of Sif Muna.
   918 | D:2      | Found an iron altar of Okawaru.
   923 | D:2      | Found an ancient bone altar of Kikubaaqudgha.
   931 | D:2      | Became a worshipper of Warmaster Okawaru
   964 | D:2      | Found an opulent altar of Gozag.
  1230 | D:2      | Noticed Robin
  1259 | D:2      | Killed Robin
  1260 | D:2      | Reached skill level 1 in Long Blades
  1269 | D:2      | Reached XP level 5. HP: 40/40 MP: 5/5
  1760 | D:3      | Reached skill level 2 in Short Blades
  1919 | D:3      | Found a radiant altar of Vehumet.
  1920 | D:3      | Found a burning altar of Makhleb.
  2452 | D:4      | Reached skill level 1 in Throwing
  2452 | D:4      | Reached skill level 1 in Invocations
  2598 | D:4      | Reached XP level 6. HP: 48/48 MP: 6/6
  2637 | D:4      | Found a glowing silver altar of Zin.
  2717 | D:4      | Found a one-way gate to the infinite horrors of the Abyss.
  2717 | D:4      | Noticed Dwachs's ghost (amateur DsGl)
  2717 | D:4      | Noticed a toenail golem
  2735 | D:4      | Found a transporter.
  2798 | D:4      | Reached * piety under Okawaru
  2803 | D:4      | Found a transporter.
  2837 | D:4      | Your ally Dwachs died
  2870 | D:4      | Killed a toenail golem
  2870 | D:4      | Reached ** piety under Okawaru
  2871 | D:4      | Reached skill level 3 in Short Blades
  2871 | D:4      | Reached XP level 7. HP: 47/56 MP: 6/8
  3355 | D:5      | Entered Level 5 of the Dungeon
  3559 | D:5      | Found a broken altar of Ashenzari.
  3699 | D:5      | Reached XP level 8. HP: 62/62 MP: 9/9
  4057 | D:5      | Reached skill level 4 in Short Blades
  4930 | D:6      | Noticed a two-headed ogre
  4976 | D:6      | Killed a two-headed ogre
  4977 | D:6      | Reached skill level 5 in Dodging
  4977 | D:6      | Reached skill level 5 in Evocations
  5038 | D:6      | Reached XP level 9. HP: 50/70 MP: 11/11
  5160 | D:6      | Reached skill level 5 in Throwing
  5203 | D:6      | Found Qemoappi's Book Boutique.
  5388 | D:6      | Reached skill level 5 in Short Blades
  5499 | D:6      | Found a staircase to the Ecumenical Temple.
  5607 | D:6      | Reached *** piety under Okawaru
  5870 | D:6      | Found a bloodstained altar of Trog.
  6729 | D:8      | Reached **** piety under Okawaru
  6730 | D:8      | Reached skill level 6 in Short Blades
  6753 | D:8      | Reached XP level 10. HP: 54/79 MP: 12/12
  6975 | D:8      | Found an ancient bone altar of Kikubaaqudgha.
  7254 | D:8      | Reached skill level 1 in Polearms
  7256 | D:8      | Received a gift from Okawaru
  7257 | D:8      | Reached skill level 5 in Stealth
  8148 | D:9      | Reached skill level 7 in Short Blades
  8236 | D:9      | Received a gift from Okawaru
  8297 | D:9      | Found a staircase to the Orcish Mines.
  8309 | D:9      | Reached skill level 5 in Fighting
  8544 | D:9      | Found a staircase to the Lair.
  8642 | D:9      | Received a gift from Okawaru
  8643 | D:9      | Reached skill level 5 in Long Blades
  8668 | D:9      | Reached XP level 11. HP: 67/88 MP: 14/14
  8697 | D:9      | Reached ***** piety under Okawaru
  8796 | D:9      | Found a stormy altar of Qazlal.
  8811 | D:9      | Noticed Prince Ribbit
  8825 | D:9      | Reached skill level 5 in Invocations
  8839 | D:9      | Killed Prince Ribbit
  8902 | D:9      | Noticed a two-headed ogre
  8910 | D:9      | Noticed Pikel
  8911 | D:9      | Killed a two-headed ogre
  8916 | D:9      | Killed Pikel
  8916 | D:9      | Received a gift from Okawaru
  9393 | Lair:1   | Entered Level 1 of the Lair of Beasts
  9572 | Lair:1   | Identified a scroll of acquirement
  9572 | Lair:1   | Acquired a +2 pair of boots of rampaging
  9906 | Lair:1   | Reached skill level 5 in Polearms
  9912 | Lair:1   | Reached skill level 8 in Short Blades
 10245 | Lair:2   | Got a jewelled rapier
 10246 | Lair:2   | Identified the +6 rapier of the Howling Whale {venom,
                  | *Noise rElec Will+} (You found it on level 2 of the Lair of
                  | Beasts)
 10315 | Lair:2   | Found a hole to the Spider Nest.
 10472 | Lair:2   | Got an ebony falchion
 10473 | Lair:2   | Identified the cursed +1 falchion of Qenn {venom, Int+3}
                  | (You found it on level 2 of the Lair of Beasts)
 10482 | Lair:2   | Noticed Sonja
 10528 | Lair:2   | Lost mutation: Your body sometimes deteriorates upon taking
                  | damage. [potion of mutation]
 10528 | Lair:2   | Lost mutation: You are robust. (+10% HP) [potion of
                  | mutation]
 10528 | Lair:2   | Gained mutation: You are partially covered in rugged brown
                  | scales. (AC +1, +3% HP) [potion of mutation]
 10528 | Lair:2   | Gained mutation: You are surrounded by a mild repulsion
                  | field. (EV +2) [potion of mutation]
 10528 | Lair:2   | Gained mutation: You expend magic power (3 MP) to
                  | strengthen your wands. [potion of mutation]
 10528 | Lair:2   | Gained mutation: You have a pair of small antennae on your
                  | head. [potion of mutation]
 10570 | Lair:2   | Noticed a harpy
 10570 | Lair:2   | a cane toad changed into a harpy
 10577 | Lair:2   | Killed a harpy
 10746 | Lair:2   | Cast into level 2 of the Abyss (Sonja)
 10843 | Abyss:3  | Reached XP level 12. HP: 52/90 MP: 16/16
 10892 | Abyss:3  | Noticed a lich
 10926 | Abyss:3  | Noticed a vampire mage
 10931 | Abyss:3  | Noticed an ophan
 10936 | Abyss:3  | Noticed a thrashing horror
 10950 | Abyss:3  | Noticed a lich
 10953 | Abyss:3  | Killed an ophan
 10964 | Abyss:3  | Killed a lich
 10964 | Abyss:3  | Received a gift from Okawaru
 10964 | Abyss:3  | Received a gift from Okawaru
 11061 | Abyss:3  | Noticed a wretched star
 11065 | Abyss:3  | Killed a thrashing horror
 11076 | Abyss:3  | Killed a wretched star
 11077 | Abyss:3  | Reached skill level 9 in Short Blades
 11119 | Abyss:3  | Noticed a rakshasa
 11122 | Abyss:3  | Noticed a bone dragon
 11132 | Abyss:3  | Noticed a rakshasa
 11146 | Abyss:3  | Slain by a rakshasa (illusionary)

Illustrated notes

Levels and vault maps discovered:
D:1:      saegor_arrival_simple_d, layout_basic
D:2:      kennysheep_big_flooded_room, layout_basic,
          grunt_temple_overflow_cloverleaf, grunt_gozag_breadcrumbs,
          kennysheep_generic_room_16, uniq_jessica, uniq_robin
D:3:      layout_loops_cross, grunt_temple_overflow_lords_of_destruction,
          chequers_serial_rivers_room_a
D:4:      layout_loops_cross, zin_academy, gammafunk_ghost_abyssal_escape
D:5:      layout_layer_cave, evilmike_ruin_ashenzari
D:6:      layout_loops_ring, lemuel_crystal_altar, minmay_temple_entry_poolview,
          serial_shops, nicolae_shop_window_shopping, minmay_tree_intersection
D:7:      layout_loops_ring
D:8:      layout_basic, tgw_kikubaaqudgha
D:9:      layout_stronghold, david_lair_shrubbed, zombieorc2_lemuel,
          serial_column_ruins, column_ruins_hut, column_ruins_open_medium,
          column_ruins_grid_1, column_ruins_grid_1, column_ruins_open_medium,
          column_ruins_open_tiny, column_ruins_grid_3, grunt_qazlal_clouds,
          uniq_prince_ribbit1, uniq_pikel
Lair:1:   layout_gridlike
Lair:2:   layout_roguey, elwin_shoals_entry_rooms, spider_nest_entry_web_field,
          uniq_sonja
Abyss:3:  base: D:13, nicolae_abyss_rune_left_handed, minivault_5,
          grunt_abyss_rune_forest_and_sorcery, lemuel_flamethrower_hall

Skill      XL: |  1  2  3  4  5  6  7  8  9 10 11 12 |
---------------+-------------------------------------+-----
Dodging        | 3 4 5 6 7 8 |  8.6
Short Blades   | 1 2 3 4 6 7 8 9 |  9.0
Armour         | 1 2 3 4 |  4.6
Evocations     | 4 5 6 7 |  7.0
Long Blades    | 1 2 3 4 5 6 7 |  7.3
Throwing       | 1 2 3 4 6 7 |  7.8
Stealth        | 2 3 4 5 6 7 |  7.4
Invocations    | 1 2 3 4 5 6 |  6.2
Fighting       | 2 3 4 5 6 |  6.5
Polearms       | 3 6 |  6.7

Action                   |  1- 3 |  4- 6 |  7- 9 | 10-12 || total
-------------------------+-------+-------+-------+-------++-------
Melee: Short sword       |    93 |   111 |   317 |   255 ||   776
       Dagger            |     1 |       |       |       ||     1
       Falchion          |       |       |       |   171 ||   171
       Punch             |       |       |       |     5 ||     5
       Trident           |       |       |       |    91 ||    91
       Rapier            |       |       |       |    57 ||    57
       Tailslap          |       |       |       |     1 ||     1
       Unarmed           |       |       |       |     1 ||     1
Throw: Dart              |       |    57 |   140 |   103 ||   300
       Javelin           |       |       |       |    14 ||    14
Invok: Heroism           |       |       |       |     6 ||     6
Evoke: Wand              |    15 |    17 |    15 |    58 ||   105
  Use: Scroll            |     5 |     4 |     6 |    19 ||    34
       Potion            |     2 |     5 |    12 |    15 ||    34
 Stab: Sleeping          |       |     1 |     2 |     6 ||     9
       Confused          |       |     1 |       |     1 ||     2
       Invisible         |       |       |     2 |    12 ||    14
       Paralysed         |       |       |       |     7 ||     7
       Distracted        |       |       |       |     2 ||     2
Armor: Troll leather arm |    34 |    36 |    90 |    87 ||   247
Dodge: Dodged            |    92 |    83 |   217 |   340 ||   732
       Rpst.: Falchion   |       |       |       |    30 ||    30
